 Dungeon Crawl Stone Soup version 0.23-a0-890-gc183402 (console) character file.

Game seed: 14886143693276027402

746 Duffy the Cleaver (level 7, 0/60 HPs)
             Began as a Naga Gladiator on Jan 28, 2019.
             Killed by nerve-wracking pain
             ... invoked by an orc priest
              (13 damage)
             ... on level 6 of the Dungeon.
             The game lasted 00:04:27 (4743 turns).

Duffy the Cleaver (Naga Gladiator)                  Turns: 4743, Time: 00:04:28

Health: 0/60       AC:  5    Str: 19    XL:     7   Next: 77%
Magic:  7/7        EV:  9    Int:  8    God:
Gold:   336        SH:  0    Dex: 12    Spells: 6/6 levels left

rFire    . . .     SeeInvis +   a - +0 war axe
rCold    . . .     Gourm    .   (no shield)
rNeg     . . .     Faith    .   p - +0 ring mail (curse)
rPois    +         Spirit   .   c - +0 helmet
rElec    .         Reflect  .   (no cloak)
rCorr    +         Harm     .   (no gloves)
MR       .....                  (no barding)
Stlth    +.........             n - amulet of regeneration
HPRegen  0.60/turn              i - ring of resist corrosion
MPRegen  0.10/turn              (no ring)

@: short of breath, very slow
A: large, see invisible, deformed body, poison resistance, slowness 2, slow
metabolism 1, spit poison 1, AC +2
a: Spit Poison


You were on level 6 of the Dungeon.
You were hungry.

You visited 2 branches of the dungeon, and saw 7 of its levels.

You collected 336 gold pieces.

Inventory:

Hand Weapons
 a - a +0 war axe (weapon)
Missiles
 d - 3 throwing nets (quivered)
Armour
 c - a +0 helmet (worn)
 p - a cursed +0 ring mail (worn)
Jewellery
 i - a ring of resist corrosion (left hand)
 n - an amulet of regeneration (around neck)
Scrolls
 e - 6 scrolls of teleportation {unknown}
 g - 5 scrolls of identify {unknown}
 m - 3 scrolls of remove curse {unknown}
 q - 3 scrolls of magic mapping {unknown}
 r - 4 scrolls of amnesia {unknown}
 s - a scroll of fog {unknown}
Potions
 b - a potion of agility {unknown}
 h - 2 potions of magic {unknown}
 j - a potion of degeneration {unknown}
 k - a potion of brilliance {unknown}
 l - 4 potions of curing {unknown}
 o - a potion of might {unknown}
 u - a potion of heal wounds {unknown}
Comestibles
 f - 9 rations
 t - 3 chunks of flesh


   Skills:
 - Level 2.0 Fighting
 + Level 8.9 Axes
 - Level 1.7 Throwing
 - Level 2.4 Dodging


You had 6 spell levels left.
You didn't know any spells.
Your spell library contained the following spells:

 Spells                   Type           Power        Failure   Level  Hunger
 Magic Dart               Conj           #...         58%         1    ##.....
 Sandblast                Erth           #.....       58%         1    ##.....
 Summon Small Mammal      Summ           #...         58%         1    ##.....
 Call Imp                 Summ           #.......     75%         2    ###....
 Passwall                 Tmut/Erth      #.......     75%         2    ###....
 Searing Ray              Conj           #.....       75%         2    ###....
 Call Canine Familiar     Summ           #.......     92%         3    ####...
 Dazzling Spray           Conj/Hex       #.....       92%         3    ####...
 Stone Arrow              Conj/Erth      #.....       92%         3    ####...
 Summon Guardian Golem    Hex/Summ       #.......     92%         3    ####...
 Force Lance              Conj/Tloc      #.......     100%        4    #####..
 Fulminant Prism          Conj/Hex       #.........   100%        4    #####..
 Iskenderun's Mystic Bla  Conj           #.......     100%        4    #####..
 Petrify                  Tmut/Erth      #.......     100%        4    #####..
 Summon Ice Beast         Ice/Summ       #.......     100%        4    #####..
 Summon Lightning Spire   Summ/Air       #.......     100%        4    #####..
 Lee's Rapid Deconstruct  Erth           #.........   100%        5    ######.


Dungeon Overview and Level Annotations

Branches:
Dungeon (6/15)             Temple (1/1) D:4

Altars:
Ashenzari
Cheibriados
Dithmenos
Fedhas
Gozag
Hepliaklqana
Kikubaaqudgha
Nemelex Xobeh
Okawaru
Trog
Wu Jian
Yredelemnul
The Shining One


Innate Abilities, Weirdness & Mutations

You cannot wear boots.
Your serpentine skin is tough. (AC +2)
You have supernaturally acute eyesight. (SInv)
Armour fits poorly on your strangely shaped body.
Your system is resistant to poisons. (rPois)
You cover ground very slowly.
You have a slow metabolism.
You can spit poison.


Message History

The puff of flame hits you.
The orc wizard hits you but does no damage.
You slash the orc wizard!
You kill the orc wizard!
You hit the orc priest.
The orc priest is lightly wounded.
The orc priest hits you with a +0 flail.
You barely miss the orc priest.
The orc priest is lightly wounded.
The orc priest hits you with a +0 flail.
Press: ? - help, Shift-Dir - straight line, f - orc priest
Aim: an orc priest, wielding a +0 flail (lightly wounded)
The splash of poison misses the orc priest.
You feel slightly more hungry.
The orc priest hits you but does no damage.
You barely miss the orc priest.
The orc priest is lightly wounded.
The orc priest invokes the aid of Beogh against you.
Pain shoots through your body!
You die...

...#............#..#......#........
...+............#..#......#....%...
...#..........<.####......#........
################..........#..####.#
#..........#..####.#
#..........#..#....#
#######..........#..#....#
#.....)##o#......#####.###
#......#@.#......#..##'###
#......#..#......#.....#..
#......#..#......#.....#..
#..o...#..#......+.....#..
########......#.##......#.######.
...........######....#'##.#....#.
........o..# #....#[...#....#.
o..........# #....#....#....#
..[<.......# #....+....#....+


You could see an orc priest.

Vanquished Creatures
  2 scorpions
  A bullfrog zombie (D:6)
  A crimson imp (D:5)
  2 hounds (D:6)
  A jelly (D:6)
  An orc priest (D:2)
  A bullfrog skeleton (D:4)
  2 iguanas
  3 orc wizards
  5 worker ants
  10 adders
  A shadow imp (D:6)
  An ooze (D:1)
  A worm (D:3)
  2 dart slugs
  A leopard gecko (D:1)
  7 orcs
  2 giant cockroaches (D:1)
  4 goblins
  8 hobgoblins
  4 jackals
  A quokka (D:3)
  3 ball pythons
  8 bats
  2 frilled lizards
  7 kobolds
  A leopard gecko skeleton (D:4)
  19 rats
101 creatures vanquished.

Notes
Turn   | Place    | Note
-------+----------+-------------------------------------------
     0 | D:1      | Duffy the Naga Gladiator began the quest for the Orb.
     0 | D:1      | Reached XP level 1. HP: 19/19 MP: 1/1
   138 | D:1      | Reached XP level 2. HP: 23/26 MP: 2/2
   415 | D:1      | Reached skill level 4 in Axes
   573 | D:1      | Reached XP level 3. HP: 25/32 MP: 3/3
  1215 | D:2      | Reached XP level 4. HP: 31/39 MP: 4/4
  1219 | D:2      | Reached skill level 5 in Axes
  1968 | D:2      | Reached XP level 5. HP: 42/45 MP: 5/5
  1992 | D:3      | Reached skill level 6 in Axes
  2495 | D:3      | Found an ornate altar of the Wu Jian Council.
  2786 | D:4      | Found a staircase to the Ecumenical Temple.
  2793 | Temple   | Entered the Ecumenical Temple
  2892 | D:4      | Reached XP level 6. HP: 12/52 MP: 6/6
  3404 | D:4      | Found a glowing golden altar of the Shining One.
  3491 | D:5      | Entered Level 5 of the Dungeon
  3528 | D:5      | Reached skill level 7 in Axes
  4133 | D:5      | Reached XP level 7. HP: 52/60 MP: 7/7
  4282 | D:6      | Reached skill level 8 in Axes
  4743 | D:6      | Killed from afar by an orc priest

Vault maps used:
D:1:      dpeg_arrival_ratfight
D:2:      minmay_rat_gold_closets
D:3:      lemuel_round_altar
D:4:      kennysheep_mini_moat, minmay_temple_entry_junction
D:5:      first_ration
D:6:      minmay_puff
Temple:   minmay_freezing_vapour_temple

Skill      XL: |  1  2  3  4  5  6  7 |
---------------+----------------------+-----
Axes           | 4 5 6 7 8 |  8.9
Fighting       | |  2.0
Throwing       | |  1.7
Dodging        | |  2.4

Action                   |  1- 3 |  4- 6 |  7- 9 || total
-------------------------+-------+-------+-------++-------
Melee: War axe           |    82 |   122 |    78 ||   282
 Abil: Spit Poison       |     1 |    14 |    10 ||    25
  Eat: Chunk             |       |     6 |     1 ||     7
       Ration            |       |     1 |       ||     1
Armor: Leather armour    |     9 |       |       ||     9
       Ring mail         |    34 |    50 |    30 ||   114
Dodge: Dodged            |    51 |    62 |    33 ||   146

Table legend:
 A = Non-vault XP
 B = Vault XP
 C = Vault XP percentage of total XP
 D = Non-vault monster count
 E = Vault monster count
 F = Vault count percentage of total count
                 A         B        C        D         E       F
            +---------+---------+-------+---------+---------+-------
      Total |    1053 |      13 |   1.2 |      88 |      13 |  12.9
            +---------+---------+-------+---------+---------+-------
        D:1 |      43 |       5 |  10.4 |      23 |       5 |  17.9
        D:2 |     122 |       8 |   6.2 |      17 |       8 |  32.0
        D:3 |     113 |       0 |   0.0 |      21 |       0 |   0.0
        D:4 |     109 |       0 |   0.0 |       4 |       0 |   0.0
        D:5 |     261 |       0 |   0.0 |      10 |       0 |   0.0
        D:6 |     405 |       0 |   0.0 |      13 |       0 |   0.0
            +---------+---------+-------+---------+---------+-------
